 Dungeon Crawl Stone Soup version 0.19-a0-860-g5c370dd (console) character file.

808586 Moloch the Executioner (level 27, -3/283 HPs)
             Began as a Demonspawn Fighter on July 1, 2016.
             Was the Champion of Makhleb.
             Slain by a cacodemon (17 damage)
             ... in Pandemonium on July 2, 2016.
             The game lasted 04:10:08 (65212 turns).

Moloch the Executioner (Demonspawn Fighter)        Turns: 65212, Time: 04:10:09

Health: -3/283     AC: 43    Str: 37      XL:     27
Magic:  51/56      EV: 26    Int: 13 (14) God:    Makhleb [******]
Gold:   5632       SH:  3    Dex: 29      Spells: 9 memorised, 22 levels left

rFire  + . .     SeeInvis +     n - +4 executioner's axe (freeze)
rCold  + . .     Gourm    .     j - quicksilver dragon armour
rNeg   + + +     Faith    .     (shield currently unavailable)
rPois  +         Spirit   .     (helmet unavailable)
rElec  +         Dismiss  .     O - +2 cloak {MR+}
rCorr  .         Reflect  +     W - +0 pair of gloves of Quantum Leap {Str+7}
SustAt .         Harm     .     L - +2 pair of boots {run}
MR     ++++.                    t - amulet "Vungirr" {Reflect *Corrode Fragile rN+++ Dex+6 SH+3}
Stlth  ++........               U - ring "Caigicuss" {rElec rPois rC+ rN+ Dex+4}
                                A - ring "Noty" {Fire *Drain rN+++ MP+9 Str+4}

@: mighty, singing, corroded, sanguine armour, very slightly contaminated,
hasted, very quick, incredibly resistant to hostile enchantments, unstealthy
A: antennae 3, claws 1, fangs 1, see invisible, blink, clever 1, cold resistance
1, icemail, mutation resistance 1, negative energy resistance 1, poison
resistance, powered by pain 3, robust 3, 50% torment resistance, no device heal
1, black mark, freezing cloud immunity, sanguine armour 3
a: Blink, Minor Destruction, Lesser Servant of Makhleb, Major Destruction,
Greater Servant of Makhleb, Renounce Religion, Stop Singing
}: 5/15 runes: decaying, serpentine, slimy, silver, demonic


You were in Pandemonium.
You worshipped Makhleb.
Makhleb was exalted by your worship.
You were not hungry.

You visited 11 branches of the dungeon, and saw 53 of its levels.
You visited Pandemonium 1 time, and saw 17 of its levels.
You also visited: Bailey.

You collected 11151 gold pieces.
You spent 5519 gold pieces at shops.

Inventory:

Hand Weapons
 n - a +4 executioner's axe of freezing (weapon)
 y - a +3 antimagic executioner's axe
 z - a +7 executioner's axe of flaming
Armour
 j - a quicksilver dragon armour (worn)
 s - the +3 crystal plate armour of Alia {rC+ MR+ Stlth-}
   (You acquired it in Pandemonium)

   It protects you from cold.
   It affects your resistance to hostile enchantments.
   It makes you less stealthy.
 L - a +2 pair of boots of running (worn)
 O - a +2 cloak of magic resistance (worn)
 W - the +0 pair of gloves of Quantum Leap (worn) {Str+7}
   (You bought it in a shop on level 12 of the Dungeon)

   It affects your strength (+7).
Jewellery
 t - the amulet "Vungirr" (around neck) {Reflect *Corrode Fragile rN+++ Dex+6 SH+3}
   (You found it in Pandemonium)

   [amulet of reflection]

   It shields you and reflects attacks.
   It affects your dexterity (+6).
   It renders you almost immune to negative energy.
   It may corrode you when you take damage.
   It will be destroyed if unequipped.
   It affects your SH (+3).
 A - the ring "Noty" (left hand) {Fire *Drain rN+++ MP+9 Str+4}
   (You took it off a fire giant on level 5 of the Vaults)

   [ring of fire]

   It enhances your fire magic, and weakens your ice magic.
   It affects your strength (+4).
   It protects you from fire.
   It makes you vulnerable to cold.
   It renders you almost immune to negative energy.
   It affects your magic capacity (+9).
   It causes draining when unequipped.
 E - an uncursed ring of wizardry
 P - an uncursed ring of flight
 R - an uncursed ring of protection from magic
 T - an uncursed ring of protection from fire
 U - the ring "Caigicuss" (right hand) {rElec rPois rC+ rN+ Dex+4}
   (You took it off a skeletal warrior on level 3 of the Crypt)

   [ring of positive energy]

   It affects your dexterity (+4).
   It protects you from cold.
   It insulates you from electricity.
   It protects you from poison.
   It protects you from negative energy.
Wands
 q - a wand of digging (8/24)
 V - a wand of teleportation (6/9)
Scrolls
 a - 2 scrolls of silence
 c - 12 scrolls of fog
 e - 10 scrolls of teleportation
 g - 13 scrolls of immolation
 m - 23 scrolls of remove curse
 p - 2 scrolls of summoning
 x - 10 scrolls of enchant armour
 B - 10 scrolls of recharging
 C - 2 scrolls of blinking
 F - 2 scrolls of torment
 H - 10 scrolls of magic mapping
 I - 6 scrolls of fear
 N - 3 scrolls of identify
Potions
 d - 4 potions of resistance
 h - 6 potions of haste
 i - 3 potions of agility
 o - 3 potions of magic
 r - 13 potions of mutation
 v - 2 potions of beneficial mutation
 w - 29 potions of curing
 D - a potion of cancellation
 G - 6 potions of might
 J - 4 potions of brilliance
 Q - 11 potions of heal wounds
 S - a potion of cure mutation
 X - 4 potions of flight
 Y - 4 potions of berserk rage
Miscellaneous
 Z - 4 phantom mirrors
Comestibles
 b - 33 fruits
 f - 32 bread rations
 k - 14 royal jellies
 l - 30 meat rations


   Skills:
 - Level 18.2 Fighting
 - Level 26.0 Axes
 - Level 17.0 Armour
 - Level 12.7 Dodging
   Level 2.6 Shields
 - Level 20.0 Spellcasting
 - Level 5.0 Hexes
 + Level 14.4 Charms
 - Level 8.4 Translocations
 * Level 21.0 Air Magic
 - Level 7.3 Invocations


You had 22 spell levels left.
You knew the following spells:

 Your Spells              Type           Power        Failure   Level  Hunger
a - Tornado               Air            ######....   77%         9    #######
b - Deflect Missiles      Chrm/Air       ######....   1%          6    #####..
c - Silence               Hex/Air        #####.....   1%          5    ####...
d - Song of Slaying       Chrm           ######..     1%          2    None
e - Warp Weapon           Chrm/Tloc      #####.....   1%          5    ####...
f - Regeneration          Chrm/Necr      ####......   1%          3    None
g - Blink                 Tloc           N/A          1%          2    None
h - Haste                 Chrm           ######..     1%          6    #####..
i - Statue Form           Tmut/Erth      ##.......    100%        6    #####..


Dungeon Overview and Level Annotations

Branches:
Dungeon (15/15)            Temple (1/1) D:5            Lair (6/6) D:11
  Swamp (4/4) Lair:2        Snake (4/4) Lair:3        Slime (5/5) Lair:6
    Orc (2/2) D:12            Elf (3/3) Orc:2        Vaults (5/5) D:14
  Crypt (3/3) Vaults:2       Tomb (0/3) Crypt:3      Depths (5/5) D:15
    Zot (0/5) Depths:5

Altars:
Ashenzari
Cheibriados
Dithmenos
Elyvilon
Fedhas
Gozag
Hepliaklqana
Kikubaaqudgha
Makhleb
Nemelex Xobeh
Okawaru
Pakellas
Qazlal
Ru
Sif Muna
Trog
Uskayaw
Vehumet
Xom
Yredelemnul
Zin
The Shining One
Beogh
Jiyva

Shops:
D:5 (=   D:10 ?   D:11 [   D:12 [(:*   D:13 [   Orc:2 *[=(   Snake:2 [
Depths:1 *   Depths:4 =[

Portals:
Hell: Depths:1 Depths:2 Depths:3 Depths:4 Depths:5
Abyss: Depths:4
Pandemonium: Depths:3
Ziggurat: Depths:5

Annotations:
Depths:5 3 runed doors
Pan Mnoleg


Innate Abilities, Weirdness & Mutations

You have a pair of large antennae on your head. (SInv)
Your flesh is cold resistant. (rC+)
A meltable icy envelope protects you from harm. (AC +10)
You resist negative energy. (rN+)
You are powered by pain.
You are somewhat able to resist unholy torments (1 in 2 success).
Your melee attacks may debilitate your foes.
You are immune to freezing clouds.
When seriously injured, your bleeding wounds create very thick armour. (AC +12)
You have sharp fingernails.
You have very sharp teeth.
You have supernaturally acute eyesight. (SInv)
You can translocate small distances at will.
Your mind is acute. (Int +2)
You are somewhat resistant to further mutation.
Your system is resistant to poisons. (rPois)
You are extremely robust. (+30% HP)
Potions and wands are less effective at restoring your health.


Message History

You destroy the large abomination!
You closely miss the cacodemon. You slice the cacodemon!!
You freeze the cacodemon.
You kill the cacodemon!
Makhleb accepts your kill.
You feel better.
The eye of draining disappears in a puff of smoke!
Mnoleg claws you!
* * * LOW HITPOINT WARNING * * *
Mnoleg tentacle-slaps you!!
* * * LOW HITPOINT WARNING * * *
Mnoleg gores you but does no damage. Mnoleg kicks you but does no damage.
You barely miss Mnoleg.
Mnoleg is almost dead.
You slice the giant eyeball!! You freeze the giant eyeball.
You kill the giant eyeball!
You slice the cacodemon!! You freeze the cacodemon!
You hear a distant "Zot"!
The cacodemon completely misses you. The cacodemon hits you!
You die...

#.#######..## *#...#,,,,,**,*
#..#...#....###...#*,,,,,**,*
###.....##...#...#*{,,{,,**,*
#.......##.....#*,{{,,,,**,*
#......)###...##,,,{,,,**,,*
##.....##*##...##{{{,,**,,,*
##...##*,,##...##,,,**,,,**
#####*,,,,##=..##,**,,,***
**,,,,,ยง##@..#**,,,**,*
**{,...wX2&.2..#,,,**,,*
**,,,....GXXG#.....#,,,,*
**,,,,....G.XX##...##,,,,*
**,,,,,.....?...*#.##,,,,,*
*,,,,,,.........,*##,,,,,,*
*,,,,,,.........,,***,,,,,*
*,,,,,,..........,* **,,,,*
*,,,,**,,,,,,,,,,** **,,,*


You could see Mnoleg, an eldritch tentacle, a cacodemon, a shining eye, an eye
of devastation, 5 large abominations, an eye of draining and a tormentor.

Vanquished Creatures
  the Royal Jelly (Slime:5)
  Mara (Crypt:2)
  3 ancient liches
  Mennas (Depths:5)
  A juggernaut (Depths:2)
  Sojobo (Crypt:2)
  Frederick (Crypt:1)
  Margery (Depths:4)
  the Enchantress (Depths:4)
  Nikola (Elf:2)
  Jory (Depths:4)
  5 caustic shrikes (Depths:3)
  5 golden dragons
  16 pandemonium lords (Pan)
  5 bone dragons
  A Brimstone Fiend (Pan)
  7 Tzitzimimeh (Pan)
  10 Ice Fiends (Pan)
  8 tentacled monstrosities
  A Hell Sentinel (Pan)
  Asterion (Elf:1)
  13 titans
  3 quicksilver dragons
  10 liches
  29 acid blobs
  2 deep elf master archers
  4 Executioners (Pan)
  4 deep elf blademasters
  7 sphinxes
  8 ancient champions
  5 storm dragons
  10 tengu reavers
  A draconian monk (Depths:5)
  4 shadow dragons
  13 azure jellies
  4 greater nagas (Snake:4)
  19 fire giants
  2 revenants
  8 blood saints (Pan)
  11 balrugs (Pan)
  Aizul (Depths:3)
  21 vault wardens
  12 deep elf sorcerers
  17 frost giants
  Maud (Lair:6)
  3 iron dragons (Vaults:5)
  Donald (Crypt:2)
  A draconian shifter (Depths:5)
  20 cacodemons (Pan)
  2 orc warlords
  6 deep elf elementalists
  9 warmongers (Pan)
  3 curse skulls (Crypt:3)
  9 black suns (Pan)
  13 reapers (Pan)
  17 ghouls
  A draconian annihilator (Depths:5)
  6 spriggan defenders
  An angel (Pan)
  14 ironheart preservers
  31 stone giants
  A war gargoyle (Vaults:5)
  34 very ugly things
  A caustic shrike skeleton (Crypt:3)
  7 green draconians
  13 deep elf annihilators
  15 vampire knights
  11 deep elf demonologists
  10 lorocyprocas (Pan)
  6 chaos champions (Pan)
  2 black draconians
  3 purple draconians
  3 red draconians
  6 corrupters (Pan)
  4 yellow draconians
  5 spark wasps
  4 mottled draconians (Depths:5)
  3 green deaths (Pan)
  13 ettins
  Snorg (Orc:1)
  5 eidola
  Josephine (D:14)
  12 deep elf death magi
  2 merfolk impalers (Depths:4)
  9 death oozes (Slime:5)
  13 blizzard demons (Pan)
  3 jiangshi
  21 yaktaur captains
  18 fire dragons
  18 ice dragons
  20 great orbs of eyes
  7 deep elf high priests
  12 hydras
  Harold (D:12)
  41 vault guards
  21 naga warriors
  3 rakshasas
  A quicksilver dragon skeleton (Crypt:3)
  17 ogre magi
  2 hell beasts (Pan)
  Erolcha (D:11)
  6 monstrous demonspawn (Pan)
  6 anacondas
  A catoblepas (D:15)
  9 spriggan air magi
  A death knight (Vaults:4)
  Erica (Orc:1)
  12 centaur warriors
  10 deep troll shamans
  4 alligators
  37 dancing weapons
  15 deep troll earth magi
  8 vampire magi
  8 orc high priests
  2 shock serpents
  7 tengu warriors
  4 hell hogs (Pan)
  4 spriggan berserkers
  2 iron giant zombies
  A hellephant zombie (Crypt:3)
  6 death yaks
  16 soul eaters
  20 naga sharpshooters
  A storm dragon zombie (Crypt:2)
  Urug (Orc:2)
  6 titan skeletons (Crypt:3)
  45 deep elf knights
  33 sun demons (Pan)
  7 iron trolls
  A small abomination (Vaults:5)
  3 fire crabs
  A storm dragon skeleton (Crypt:1)
  14 hell knights
  28 skeletal warriors
  7 infernal demonspawn (Pan)
  2 shadow wraiths
  4 spriggan druids
  17 large abominations (Pan)
  2 salamander mystics
  2 shambling mangroves
  2 shadow dragon zombies
  An unseen horror (shapeshifter) (Vaults:1)
  2 unseen horrors (D:15)
  37 deep trolls
  An entropy weaver zombie (Crypt:1)
  6 giant orange brains
  11 shadow demons (Pan)
  3 swamp dragons
  A giant orange brain (shapeshifter) (Depths:3)
  33 deep elf archers
  5 naga ritualists
  7 flayed ghosts
  10 wizards
  A ghost moth zombie (Crypt:3)
  18 ironbrand convokers
  14 putrid demonspawn (Pan)
  The ghost of 4thArraOfDagon the Cleaver, a novice MiAK of Lugonu (D:9)
  10 gelid demonspawn (Pan)
  21 phantasmal warriors
  8 harpies
  31 ugly things
  A lindwurm (shapeshifter) (Depths:2)
  9 torturous demonspawn (Pan)
  A tengu zombie (Vaults:4)
  8 hill giants
  A wolf spider zombie (D:14)
  A glowing shapeshifter (Vaults:2)
  6 orc sorcerers
  9 orc knights
  2 shadow dragon skeletons (Crypt:3)
  15 necromancers
  7 mana vipers
  A stone giant zombie (Crypt:2)
  An orb spider (shapeshifter) (Depths:2)
  6 cyclopes
  An anaconda skeleton (Crypt:3)
  2 shining eyes (Slime:1)
  8 wolf spiders
  A sphinx skeleton (Vaults:1)
  93 deep elf magi
  25 sixfirhies (Pan)
  12 salamanders
  2 hornets
  3 salamanders (shapeshifter)
  A hell hog zombie (Crypt:1)
  4 fire giant skeletons
  A stone giant skeleton (Crypt:3)
  7 griffons
  135 slime creatures
  An iron dragon skeleton (Crypt:3)
  A rust devil (Pan)
  27 naga magi
  3 elephants (Lair:5)
  An octopode (shapeshifter) (Depths:3)
  Maurice (D:10)
  A molten gargoyle (Depths:4)
  36 black mambas
  4 guardian serpents
  A guardian serpent (shapeshifter) (Depths:1)
  3 eyes of devastation
  22 smoke demons (Pan)
  2 gargoyles
  A dire elephant skeleton (Crypt:3)
  A frost giant skeleton (Vaults:1)
  16 orange demons (Pan)
  10 vault sentinels
  10 spiny frogs
  A titan simulacrum (Crypt:2)
  2 storm dragon simulacra
  An efreet (D:15)
  2 eyes of devastation (shapeshifter)
  3 yaktaur zombies
  A rime drake (shapeshifter) (Depths:2)
  5 kobold demonologists
  5 hellions (Pan)
  4 tormentors (Pan)
  5 komodo dragons
  52 yaktaurs
  A yaktaur (shapeshifter) (Vaults:4)
  A mottled draconian zombie (Crypt:1)
  5 demonic crawlers (Pan)
  3 rime drakes
  4 ice devils
  15 freezing wraiths
  A grey draconian skeleton (Crypt:3)
  21 hellwings (Pan)
  9 red devils (Pan)
  A yellow draconian skeleton (Crypt:1)
  3 tengu conjurers
  A merfolk (D:10)
  10 trolls
  3 meliai (D:13)
  A queen bee (shapeshifter) (Depths:2)
  A wind drake (shapeshifter) (D:13)
  A hydra zombie (Swamp:4)
  A queen bee (D:10)
  A guardian serpent zombie (Crypt:2)
  Grinder (D:5)
  4 giant leeches
  6 polar bears
  2 harpy skeletons (Crypt:3)
  21 two-headed ogres
  2 hornet zombies (Swamp:4)
  8 bog bodies
  3 hydra skeletons
  13 blink frogs
  A boulder beetle (shapeshifter) (Vaults:1)
  A deep troll zombie (Depths:1)
  2 ettin zombies
  A stone giant simulacrum (Crypt:2)
  3 boulder beetles
  A meliai zombie (D:13)
  A frost giant simulacrum (Vaults:3)
  2 fire dragon skeletons
  A fire dragon zombie (Crypt:2)
  22 ynoxinuls (Pan)
  4 flying skulls (Crypt:2)
  2 tarantellas (shapeshifter)
  2 redbacks (Vaults:5)
  41 spriggans
  12 wraiths
  12 air elementals
  3 wyverns
  4 shadows
  An ice dragon skeleton (Crypt:3)
  An alligator skeleton (Crypt:3)
  A human (shapeshifter) (Vaults:2)
  31 yaks
  An ettin skeleton (Vaults:2)
  A yak (shapeshifter) (Depths:5)
  15 water elementals
  3 steam dragons
  3 fire elementals
  18 humans (D:14)
  The ghost of Amnesiac the Magician, an amateur DEWz of Kikubaaqudgha (D:5)
  A hippogriff (shapeshifter) (D:14)
  4 swamp worm simulacra (Swamp:4)
  8 hippogriffs
  14 golden eyes
  A black mamba skeleton (Crypt:3)
  2 yaktaur simulacra
  3 hungry ghosts
  5 basilisks
  20 vampire mosquitoes
  17 chaos spawn (Pan)
  19 neqoxecs (Pan)
  10 mottled dragons
  A putrid demonspawn zombie (Crypt:3)
  A redback simulacrum (Vaults:1)
  3 wargs
  22 swamp worms
  A torturous demonspawn zombie (Crypt:3)
  A soldier ant (shapeshifter) (Vaults:1)
  A faun zombie (Crypt:3)
  4 insubstantial wisps (Swamp:3)
  A glowing shapeshifter zombie (Crypt:2)
  55 nagas
  A monstrous demonspawn skeleton (Crypt:1)
  Duvessa (D:4)
  2 giant eyeballs (shapeshifter) (Vaults:5)
  11 porcupines
  14 water moccasins
  16 hydra simulacra (Swamp:4)
  A spiny frog skeleton (Crypt:3)
  8 sky beasts
  3 ettin simulacra
  48 orc warriors
  An alligator simulacrum (Swamp:4)
  10 ice beasts
  An eye of draining (shapeshifter) (Vaults:5)
  12 swamp drakes
  2 black bears
  3 phantoms
  20 boggarts
  5 necrophages
  11 wolves
  27 wasps
  8 eyes of draining
  57 ogres
  3 snapping turtle skeletons
  16 centaurs
  An elf simulacrum (Depths:1)
  A human skeleton (Vaults:1)
  13 crocodiles
  An elf zombie (Crypt:2)
  6 big kobolds
  2 earth elementals
  11 giant frogs
  Dowan (D:4)
  An ogre simulacrum (Vaults:1)
  A salamander skeleton (Crypt:3)
  3 scorpions
  A wyvern skeleton (D:15)
  2 water moccasin zombies (Swamp:4)
  A queen bee zombie (Crypt:1)
  41 killer bees
  An orc simulacrum (Vaults:2)
  3 human simulacra
  21 wights
  A hippogriff skeleton (Crypt:2)
  10 electric eels
  5 howler monkeys
  2 giant frog zombies
  9 crimson imps
  4 jellies
  A basilisk zombie (Crypt:3)
  4 hounds
  2 giant frog skeletons
  17 orc priests
  3 centaur zombies
  20 orc wizards
  10 centaur skeletons
  2 iron imps
  Terence (D:2)
  A black bear skeleton (Crypt:3)
  A porcupine zombie (Crypt:3)
  7 iguanas
  16 worker ants
  A porcupine skeleton (Crypt:1)
  29 sheep
  A crocodile zombie (Swamp:4)
  A hound zombie (D:9)
  2 hound skeletons
  12 gnolls
  7 adders
  36 river rats
  2 shadow imps
  A steam dragon skeleton (Crypt:1)
  2 white imps (D:10)
  4 swamp drake simulacra (Swamp:4)
  An ufetubus (D:10)
  An ooze (D:6)
  An adder skeleton (D:7)
  3 adder zombies
  3 worms
  7 giant geckos
  110 orcs
  5 giant cockroaches
  15 goblins
  28 hobgoblins
  7 jackals
  6 quokkas
  15 bats
  2 giant gecko skeletons
  A giant newt (D:3)
  A jackal skeleton (D:4)
  32 kobolds
  A kobold zombie (Crypt:1)
  A quokka skeleton (D:6)
  A quokka zombie (D:7)
  15 rats
  4 crawling corpses (Vaults:5)
  12 fungi
  17 plants
  9 withered plants (Crypt:3)
3382 creatures vanquished.

Vanquished Creatures (others)
  A fire giant (Elf:2)
  A merfolk javelineer (Depths:5)
  An ogre mage (Vaults:3)
  A deep troll shaman (Depths:4)
  A deep elf knight (Vaults:3)
  2 unseen horrors (Vaults:1)
  An efreet (Pan)
  A yaktaur (Vaults:2)
  4 water elementals
  A spriggan (Swamp:4)
  A neqoxec (Pan)
  A naga (Snake:4)
  A wasp (Swamp:4)
  An orc warrior (Elf:3)
  A boggart (Depths:4)
  An electric eel (D:10)
  An orc (Vaults:3)
  2 eldritch tentacle segments (Pan)
  6 fungi
  9 plants
38 creatures vanquished.

Grand Total: 3420 creatures vanquished

Notes
Turn   | Place    | Note
-------+----------+-------------------------------------------
     0 | D:1      | Moloch the Demonspawn Fighter began the quest for the Orb.
     0 | D:1      | Reached XP level 1. HP: 18/18 MP: 1/1
   120 | D:1      | Reached skill level 2 in Axes
   516 | D:1      | Gained mutation: You have a pair of small antennae on your head. [demonic ancestry]
   516 | D:1      | Reached XP level 2. HP: 24/24 MP: 2/2
   801 | D:2      | Reached skill level 3 in Axes
   869 | D:2      | Gained mutation: When seriously injured, your bleeding wounds create armour. (AC +12) [demonic ancestry]
   869 | D:2      | Reached XP level 3. HP: 29/29 MP: 3/3
   934 | D:2      | Found a bloodstained altar of Trog.
  1637 | D:3      | Reached skill level 4 in Axes
  1637 | D:3      | Gained mutation: Your flesh is cold resistant. (rC+) [demonic ancestry]
  1637 | D:3      | Reached XP level 4. HP: 24/35 MP: 4/4
  1809 | D:3      | Noticed Terence
  1860 | D:2      | Killed Terence
  1952 | D:3      | Gained mutation: When seriously injured, your bleeding wounds create thick armour. (AC +12) [demonic ancestry]
  1952 | D:3      | Reached XP level 5. HP: 27/41 MP: 5/5
  1955 | D:3      | Reached skill level 5 in Axes
  2210 | D:3      | Found a faded altar of an unknown god.
  2481 | D:3      | Found a basalt altar of Yredelemnul.
  2481 | D:3      | Found a glowing silver altar of Zin.
  2482 | D:3      | Found a burning altar of Makhleb.
  3099 | D:4      | Noticed Duvessa
  3100 | D:4      | Noticed Dowan
  3137 | D:4      | Gained mutation: You have a pair of antennae on your head. [demonic ancestry]
  3137 | D:4      | Reached XP level 6. HP: 39/47 MP: 6/6
  3501 | D:4      | Killed Duvessa
  3501 | D:4      | Reached skill level 6 in Axes
  3504 | D:4      | Killed Dowan
  3931 | D:5      | Entered Level 5 of the Dungeon
  4022 | D:5      | Reached skill level 7 in Axes
  4022 | D:5      | Gained mutation: You have a pair of large antennae on your head. (SInv) [demonic ancestry]
  4022 | D:5      | Reached XP level 7. HP: 51/52 MP: 7/7
  4035 | D:5      | You fall through a shaft for 2 floors!
  4400 | D:7      | HP: 1/52 [orc priest/divine providence (7)]
  4436 | D:7      | Noticed a steam dragon
  4751 | D:7      | Killed a steam dragon
  4751 | D:7      | Reached skill level 8 in Axes
  5058 | D:7      | Reached XP level 8. HP: 49/58 MP: 8/8
  5272 | D:6      | Reached skill level 9 in Axes
  5296 | D:6      | Noticed Grinder
  5312 | D:5      | Found a staircase to the Ecumenical Temple.
  5328 | Temple   | Entered the Ecumenical Temple
  5340 | Temple   | Became a worshipper of Warmaster Okawaru
  5402 | D:5      | Found Zysk's Jewellery Shoppe.
  5569 | D:5      | Noticed Amnesiac's ghost (amateur DEWz)
  5955 | D:5      | Reached skill level 10 in Axes
  6152 | D:5      | Killed Amnesiac's ghost
  6183 | D:5      | Found Xajeyjosy's Antique Weapon Shop.
  6203 | D:5      | Bought a glowing broad axe for 92 gold pieces
  6236 | D:5      | Reached * piety under Okawaru
  6342 | D:5      | Paralysed by Grinder for 7 turns
  6353 | D:5      | Killed Grinder
  6353 | D:5      | Gained mutation: You sometimes gain a little power by taking damage. [demonic ancestry]
  6353 | D:5      | Reached XP level 9. HP: 32/63 MP: 9/9
  6528 | D:5      | Reached skill level 11 in Axes
  7145 | D:6      | Reached ** piety under Okawaru
  7166 | D:6      | Found an ancient bone altar of Kikubaaqudgha.
  7344 | D:7      | Found a shadowy altar of Dithmenos.
  8096 | D:8      | Reached skill level 12 in Axes
  8103 | D:8      | Gained mutation: You are clumsy. (Dex -2) [mutagenic meat]
  8106 | D:8      | Gained mutation: Your mind is acute. (Int +2) [mutagenic meat]
  8109 | D:8      | Gained mutation: Your mind is very acute. (Int +4) [mutagenic meat]
  8112 | D:8      | Lost mutation: You are clumsy. (Dex -2) [mutagenic meat]
  8806 | D:8      | Reached *** piety under Okawaru
  8897 | D:9      | Gained mutation: You have supernaturally acute eyesight. (SInv) [mutagenic meat]
  8983 | D:9      | Gained mutation: You are immune to freezing clouds. [demonic ancestry]
  8983 | D:9      | Reached XP level 10. HP: 42/73 MP: 10/10
  9224 | D:9      | Noticed 4thArraOfDagon's ghost (novice MiAK)
  9286 | D:9      | Killed 4thArraOfDagon's ghost
  9286 | D:9      | Reached skill level 5 in Fighting
  9324 | D:9      | Noticed a gargoyle
  9338 | D:9      | Killed a gargoyle
 10085 | D:5      | Bought an uncursed amulet of regeneration for 450 gold pieces
 10307 | D:9      | Found a shimmering altar of Xom.
 10374 | D:10     | Entered Level 10 of the Dungeon
 10420 | D:10     | Reached skill level 13 in Axes
 10465 | D:10     | Found a flagged portal.
 10474 | Bailey   | Entered a bailey
 10586 | Bailey   | Found an iron altar of Okawaru.
 10586 | Bailey   | Noticed an orc high priest
 10587 | Bailey   | Noticed an orc high priest
 10605 | Bailey   | Killed an orc high priest
 10605 | Bailey   | Reached **** piety under Okawaru
 10610 | Bailey   | Killed an orc high priest
 10765 | Bailey   | Noticed an orc knight
 10795 | Bailey   | Killed an orc knight
 11154 | Bailey   | Noticed an orc knight
 11160 | Bailey   | Reached ***** piety under Okawaru
 11179 | Bailey   | Killed an orc knight
 11179 | Bailey   | Reached skill level 14 in Axes
 11179 | Bailey   | Reached XP level 11. HP: 34/84 MP: 7/11
 11473 | D:10     | Found Pithrehe's Magic Scroll Shoppe.
 11476 | D:10     | Bought a scroll of magic mapping for 49 gold pieces
 11476 | D:10     | Bought a scroll of magic mapping for 49 gold pieces
 11476 | D:10     | Bought a scroll of magic mapping for 49 gold pieces
 11570 | D:10     | Noticed a hill giant
 11582 | D:10     | Killed a hill giant
 11825 | D:10     | Noticed a death yak
 11832 | D:10     | Reached skill level 15 in Axes
 11835 | D:10     | Received a gift from Okawaru
 11845 | D:10     | Killed a death yak
 11987 | D:10     | Gained mutation: You are somewhat resistant to further mutation. [mutagenic meat]
 12454 | D:10     | Noticed a hill giant
 12459 | D:10     | Noticed Maurice
 12461 | D:10     | Killed a hill giant
 12474 | D:10     | Killed Maurice
 12474 | D:10     | Reached skill level 16 in Axes
 12528 | D:10     | Reached XP level 12. HP: 80/91 MP: 12/12
 12658 | D:11     | Received a gift from Okawaru
 12820 | D:11     | Found a staircase to the Lair.
 12821 | D:11     | Noticed Erolcha
 12832 | D:11     | Killed Erolcha
 12832 | D:11     | Reached ****** piety under Okawaru
 12869 | Lair:1   | Entered Level 1 of the Lair of Beasts
 12906 | Lair:1   | Reached skill level 17 in Axes
 12930 | Lair:1   | Received a gift from Okawaru
 14271 | Lair:2   | Reached skill level 18 in Axes
 14335 | Lair:2   | Got a smoking battleaxe
 14336 | Lair:2   | Identified the +4 battleaxe of Death's Door {flame, Str+6} (You found it on level 2 of the Lair of Beasts)
 14433 | Lair:2   | Received a gift from Okawaru
 14434 | Lair:2   | Found a staircase to the Swamp.
 14661 | Lair:3   | Reached XP level 13. HP: 93/96 MP: 13/13
 15137 | Lair:3   | Found a staircase to the Snake Pit.
 15690 | Lair:4   | Received a gift from Okawaru
 15695 | Lair:4   | Got a pair of faintly glowing gloves {god gift}
 15701 | Lair:4   | Identified the +0 pair of gloves of Protective Custody {rF+ rC- Str+4 Stlth+} (Okawaru gifted it to you on level 4 of the Lair of Beasts)
 16938 | Lair:6   | Entered Level 6 of the Lair of Beasts
 16938 | Lair:6   | Noticed Maud
 16956 | Lair:6   | Killed Maud
 16956 | Lair:6   | Reached skill level 19 in Axes
 17179 | Lair:6   | Found a deep blue altar of Sif Muna.
 17203 | Lair:6   | Received a gift from Okawaru
 17273 | Lair:6   | Found a staircase to the Slime Pits.
 17415 | Lair:6   | Gained mutation: You sometimes gain power by taking damage. [demonic ancestry]
 17415 | Lair:6   | Reached XP level 14. HP: 103/103 MP: 14/14
 17571 | Lair:6   | Reached skill level 20 in Axes
 17973 | D:11     | Found Sisma's Antique Armour Shoppe.
 18300 | D:12     | Found a sparkling altar of Nemelex Xobeh.
 18442 | D:12     | Received a gift from Okawaru
 18493 | D:12     | Found Ohosouko's Armour Shoppe.
 18493 | D:12     | Found a staircase to the Orcish Mines.
 18517 | D:12     | Found Kokhuoh's Weapon Shoppe.
 18524 | D:12     | Bought the cursed +0 pair of gloves of Quantum Leap {Str+7} for 278 gold pieces
 18804 | D:12     | Found Jofo's General Store.
 18808 | D:12     | Bought a potion of curing for 42 gold pieces
 18809 | D:12     | Found Veown's Book Boutique.
 18835 | D:12     | Noticed Harold
 18843 | D:12     | Killed Harold
 19050 | Orc:1    | Entered Level 1 of the Orcish Mines
 19218 | Orc:2    | Entered Level 2 of the Orcish Mines
 19218 | Orc:2    | Found Izoskuawu's Antique Weapon Shoppe.
 19218 | Orc:2    | Noticed an orc warlord
 19227 | Orc:1    | Reached skill level 1 in Dodging
 19299 | Orc:1    | Killed an orc warlord
 19546 | Orc:2    | Found a staircase to the Elven Halls.
 19893 | Orc:2    | Found Vikloc's Antique Armour Shop.
 19906 | Orc:2    | Received a gift from Okawaru
 20247 | Orc:2    | Found Lyocs's General Store.
 20335 | Orc:2    | Found a roughly hewn altar of Beogh.
 20456 | Orc:2    | Found Qipsonugimp's Jewellery Boutique.
 20630 | Orc:1    | Noticed Urug
 20648 | Orc:2    | Killed Urug
 20733 | Orc:1    | Noticed Snorg
 20743 | Orc:1    | Killed Snorg
 20820 | Orc:1    | Reached skill level 21 in Axes
 20860 | Orc:1    | Found a burning altar of Makhleb.
 20877 | Orc:1    | Noticed Erica
 20885 | Orc:1    | Killed Erica
 21305 | D:13     | Received a gift from Okawaru
 21479 | D:13     | Gained mutation: You are occasionally teleported next to monsters. [mutagenic meat]
 21537 | D:13     | Reached XP level 15. HP: 103/110 MP: 15/15
 21562 | D:13     | Found Hyili's Armour Shoppe.
 21699 | D:13     | Reached skill level 5 in Armour
 22007 | D:14     | Noticed Josephine
 22019 | D:14     | Killed Josephine
 22020 | D:14     | Received a gift from Okawaru
 22156 | D:14     | Found a gate to the Vaults.
 22342 | D:14     | Lost mutation: You are occasionally teleported next to monsters. [mutagenic meat]
 22463 | D:14     | Gained mutation: Your flesh is very cold resistant. (rC++) [mutagenic meat]
 22888 | D:15     | Entered Level 15 of the Dungeon
 23033 | D:15     | Found a staircase to the Depths.
 23240 | D:15     | Received a gift from Okawaru
 23284 | D:15     | Lost mutation: You have supernaturally acute eyesight. (SInv) [mutagenic meat]
 23287 | D:15     | Gained mutation: You have very sharp teeth. [mutagenic meat]
 23290 | D:15     | Gained mutation: You have supernaturally acute eyesight. (SInv) [mutagenic meat]
 23296 | D:15     | Lost mutation: Your flesh is very cold resistant. (rC++) [mutagenic meat]
 23302 | D:15     | Gained mutation: Your system is resistant to poisons. (rPois) [mutagenic meat]
 23534 | D:15     | Received a gift from Okawaru
 23823 | D:13     | Bought a +2 storm dragon armour for 1380 gold pieces
 23961 | Snake:1  | Entered Level 1 of the Snake Pit
 24314 | Snake:1  | Reached XP level 16. HP: 111/121 MP: 16/16
 24336 | Snake:1  | Reached skill level 22 in Axes
 25093 | Snake:1  | Reached skill level 5 in Dodging
 25117 | Snake:1  | Reached skill level 10 in Fighting
 25438 | Snake:2  | Found Zihajeim's Antique Armour Shop.
 25462 | Snake:2  | Bought a pair of runed boots for 175 gold pieces
 25472 | Snake:2  | Identified a +1 pair of boots of running (You bought it in a shop on level 2 of the Snake Pit)
 25898 | Snake:2  | Received a gift from Okawaru
 26847 | Snake:3  | Received a gift from Okawaru
 26850 | Snake:3  | Got a warped broad axe {god gift}
 26917 | Snake:3  | Identified the +9 broad axe "Fish" {flame, rF+ Str+5 Dex+4} (Okawaru gifted it to you on level 3 of the Snake Pit)
 28021 | Snake:3  | Received a gift from Okawaru
 28045 | Snake:4  | Entered Level 4 of the Snake Pit
 28306 | Snake:4  | Reached XP level 17. HP: 131/131 MP: 14/17
 29166 | Snake:4  | Received a gift from Okawaru
 29767 | Snake:4  | Got a serpentine rune of Zot
 30085 | Swamp:1  | Entered Level 1 of the Swamp
 30834 | Swamp:2  | Reached skill level 1 in Spellcasting
 31037 | Swamp:2  | Found a hide-covered altar of Uskayaw.
 31280 | Swamp:2  | Reached skill level 10 in Armour
 31958 | Swamp:3  | Received a gift from Okawaru
 32245 | Swamp:4  | Entered Level 4 of the Swamp
 32730 | Swamp:4  | Reached skill level 23 in Axes
 33257 | Swamp:4  | Gained mutation: You resist negative energy. (rN+) [demonic ancestry]
 33257 | Swamp:4  | Reached XP level 18. HP: 124/142 MP: 21/21
 33355 | Swamp:4  | Got a decaying rune of Zot
 33658 | Vaults:1 | Entered Level 1 of the Vaults
 33787 | Vaults:1 | Received a gift from Okawaru
 34427 | Vaults:1 | Gained mutation: Your natural rate of healing is unusually fast. [mutagenic meat]
 34628 | Vaults:1 | Gained mutation: You possess an exceptional clarity of mind. [mutagenic meat]
 34968 | Vaults:1 | Lost mutation: You have supernaturally acute eyesight. (SInv) [mutagenic meat]
 34974 | Vaults:1 | Gained mutation: Your flesh is very cold resistant. (rC++) [mutagenic meat]
 35077 | Vaults:1 | Got a warped ring mail
 35089 | Vaults:1 | Identified the +2 ring mail of Ymilomn {rF+ rCorr Int+2} (You found it on level 1 of the Vaults)
 35194 | Vaults:2 | Received a gift from Okawaru
 35221 | Vaults:2 | Got a pitted battleaxe {god gift}
 35222 | Vaults:2 | Identified the +6 battleaxe of Anxiety {chop, Dex+2} (Okawaru gifted it to you on level 2 of the Vaults)
 35743 | Vaults:2 | Found a staircase to the Crypt.
 35743 | Vaults:2 | Found an ancient bone altar of Kikubaaqudgha.
 35743 | Vaults:2 | Found a basalt altar of Yredelemnul.
 35896 | Vaults:2 | Received a gift from Okawaru
 35969 | Vaults:2 | Reached skill level 5 in Spellcasting
 35969 | Vaults:2 | Gained mutation: You are powered by pain. [demonic ancestry]
 35969 | Vaults:2 | Reached XP level 19. HP: 92/152 MP: 26/26
 36167 | Vaults:2 | Gained mutation: You are robust. (+10% HP) [mutagenic meat]
 36654 | Vaults:2 | Gained mutation: You are clumsy. (Dex -2) [mutagenic meat]
 36748 | Vaults:3 | Gained mutation: You can translocate small distances at will. [mutagenic meat]
 36751 | Vaults:3 | Gained mutation: You are very robust. (+20% HP) [mutagenic meat]
 37385 | Vaults:3 | Received a gift from Okawaru
 37405 | Vaults:3 | Reached skill level 15 in Fighting
 37560 | Vaults:3 | Learned a level 9 spell: Tornado
 37567 | Vaults:3 | Learned a level 6 spell: Deflect Missiles
 37573 | Vaults:3 | Learned a level 5 spell: Silence
 37690 | Vaults:3 | Reached skill level 1 in Air Magic
 37740 | Vaults:3 | Reached skill level 1 in Charms
 37921 | Vaults:3 | Reached skill level 1 in Invocations
 38364 | Slime:1  | Entered Level 1 of the Pits of Slime
 38370 | Slime:1  | Reached skill level 5 in Invocations
 38613 | Slime:2  | Gained mutation: You are somewhat able to resist unholy torments (1 in 2 success). [demonic ancestry]
 38613 | Slime:2  | Reached XP level 20. HP: 80/194 MP: 28/28
 38747 | Slime:3  | Received a gift from Okawaru
 39155 | Slime:5  | Entered Level 5 of the Pits of Slime
 39450 | Slime:5  | Noticed the Royal Jelly
 39686 | Slime:4  | Reached skill level 24 in Axes
 39967 | Slime:5  | Received a gift from Okawaru
 39994 | Slime:5  | HP: 6/194 [acid[the Royal Jelly] (6)]
 40256 | Slime:5  | Found a viscous altar of Jiyva.
 40672 | Slime:5  | Killed the Royal Jelly
 40783 | Slime:5  | Identified Gecker's Almanac of the Frostbite
 40833 | Slime:5  | Got a slimy rune of Zot
 40858 | Slime:5  | Identified the Papyrus of the Assistive Rocks (You found it on level 5 of the Pits of Slime)
 40862 | Slime:5  | Learned a level 2 spell: Song of Slaying
 40885 | Slime:5  | Got a bloodstained battleaxe
 40886 | Slime:5  | Identified the cursed +0 battleaxe of Death {antimagic, Str+3 SInv Stlth+} (You found it on level 5 of the Pits of Slime)
 40931 | Slime:5  | Learned a level 5 spell: Warp Weapon
 40946 | Slime:5  | Identified a +1 pair of boots of running (You found it on level 5 of the Pits of Slime)
 41903 | Vaults:4 | Received a gift from Okawaru
 41903 | Vaults:4 | Reached skill level 10 in Dodging
 41924 | Vaults:4 | Reached skill level 1 in Translocations
 41940 | Vaults:4 | Reached XP level 21. HP: 126/204 MP: 32/32
 42715 | Vaults:4 | Received a gift from Okawaru
 42963 | Vaults:4 | Reached skill level 5 in Air Magic
 43115 | Vaults:5 | Entered Level 5 of the Vaults
 43139 | Vaults:4 | Received a gift from Okawaru
 43855 | Vaults:5 | Noticed a golden dragon
 43858 | Vaults:4 | Received a gift from Okawaru
 43955 | Vaults:5 | Noticed a golden dragon
 44259 | Vaults:5 | Lost mutation: Your natural rate of healing is unusually fast. [mutagenic meat]
 44421 | Vaults:5 | Received a gift from Okawaru
 44439 | Vaults:5 | Killed a golden dragon
 44439 | Vaults:5 | Reached XP level 22. HP: 105/213 MP: 31/34
 44496 | Vaults:5 | Killed a golden dragon
 44536 | Vaults:5 | Lost mutation: Your mind is very acute. (Int +4) [mutagenic meat]
 44808 | Vaults:5 | Reached skill level 5 in Charms
 44870 | Vaults:5 | Noticed an ancient lich
 44872 | Vaults:5 | Noticed an ancient lich
 44886 | Vaults:5 | Killed an ancient lich
 44893 | Vaults:5 | Killed an ancient lich
 45101 | Vaults:5 | Identified Sif Muna's Catalogue of Ghastly Dislocation
 45129 | Vaults:5 | Learned a level 3 spell: Regeneration
 45132 | Vaults:5 | Learned a level 2 spell: Blink
 45161 | Vaults:5 | Got a silver rune of Zot
 45292 | Vaults:5 | Got a pair of shimmering gloves
 45303 | Vaults:5 | Identified the +0 pair of gloves "Deen" {Int+4 SInv} (You found it on level 5 of the Vaults)
 45871 | Vaults:5 | Reached skill level 1 in Hexes
 45871 | Vaults:5 | Reached skill level 5 in Translocations
 45878 | Vaults:5 | Gained mutation: You expend magic power (3 MP) to strengthen your wands. [mutagenic meat]
 45887 | Vaults:5 | Lost mutation: Your flesh is very cold resistant. (rC++) [mutagenic meat]
 46130 | Vaults:5 | Got a clouded lapis lazuli ring
 46132 | Vaults:5 | Identified the ring "Noty" {Fire *Drain rN+++ MP+9 Str+4} (You took it off a fire giant on level 5 of the Vaults)
 46517 | Orc:1    | Fell from the grace of Okawaru
 46517 | Orc:1    | Became a worshipper of Makhleb the Destroyer
 46579 | Elf:1    | Entered Level 1 of the Elven Halls
 46765 | Elf:1    | Noticed Asterion
 46777 | Elf:1    | Killed Asterion
 46835 | Elf:1    | Reached * piety under Makhleb
 46849 | Elf:1    | Reached skill level 25 in Axes
 47001 | Elf:1    | Identified the Compendium of Confrontation (You found it on level 1 of the Elven Halls)
 47930 | Elf:2    | Found a huge runed gate.
 47930 | Elf:2    | Found a huge runed gate.
 47930 | Elf:2    | Found a huge runed gate.
 47930 | Elf:2    | Found a huge runed gate.
 47930 | Elf:2    | Found a huge runed gate.
 47994 | Elf:2    | Gained mutation: A meltable icy envelope protects you from harm. (AC +10) [demonic ancestry]
 47994 | Elf:2    | Reached XP level 23. HP: 129/223 MP: 36/36
 48405 | Elf:2    | Noticed Nikola
 48411 | Elf:2    | Killed Nikola
 48643 | Elf:2    | Reached ** piety under Makhleb
 49140 | Elf:3    | Entered Level 3 of the Elven Halls
 49277 | Elf:3    | Reached skill level 5 in Hexes
 49306 | Elf:3    | Reached *** piety under Makhleb
 50161 | Elf:3    | Reached **** piety under Makhleb
 50396 | Elf:3    | Was forgiven by Okawaru
 50680 | Elf:3    | Reached ***** piety under Makhleb
 50740 | Elf:3    | Got a dazzling chain mail
 50741 | Elf:3    | Identified the +5 chain mail of Fashionability {Int+6 Dex-2} (You found it on level 3 of the Elven Halls)
 50787 | Elf:3    | Reached skill level 10 in Spellcasting
 50803 | Elf:3    | Got an encrusted cloak
 50814 | Elf:3    | Identified the +3 cloak of Orthodoxy {Dex+2 SInv} (You found it on level 3 of the Elven Halls)
 50846 | Elf:3    | Got a steaming platinum ring
 50847 | Elf:3    | Identified the ring "Udeomisu" {rPois rN+} (You found it on level 3 of the Elven Halls)
 50856 | Elf:3    | Identified the Collected Works on the Gliding Snowflakes
 51221 | Crypt:1  | Entered Level 1 of the Crypt
 51295 | Crypt:1  | Noticed Frederick
 51313 | Crypt:1  | Killed Frederick
 51387 | Crypt:1  | Gained mutation: When seriously injured, your bleeding wounds create very thick armour. (AC +12) [demonic ancestry]
 51387 | Crypt:1  | Reached XP level 24. HP: 203/234 MP: 37/37
 51963 | Crypt:2  | Noticed Donald
 51978 | Crypt:2  | Killed Donald
 51990 | Crypt:2  | Got a pitted shield
 51991 | Crypt:2  | Identified the +4 shield of Daffodils {rCorr Str-4 Dex-3 SInv} (You took it off Donald on level 2 of the Crypt)
 52031 | Crypt:2  | Noticed Sojobo
 52045 | Crypt:2  | Killed Sojobo
 52274 | Crypt:2  | Reached ****** piety under Makhleb
 52586 | Crypt:2  | Noticed Mara
 52597 | Crypt:2  | Noticed Moloch's illusion
 52608 | Crypt:2  | Killed Mara
 52815 | Crypt:3  | Entered Level 3 of the Crypt
 53141 | Crypt:3  | Found a staircase to the Tomb.
 53801 | Crypt:3  | Reached XP level 25. HP: 225/244 MP: 37/37
 53828 | Crypt:3  | Noticed an ancient lich
 53838 | Crypt:3  | Killed an ancient lich
 53866 | Crypt:3  | Reached skill level 26 in Axes
 54071 | Crypt:3  | Got a vibrating marble ring
 54073 | Crypt:3  | Identified the ring "Caigicuss" {rElec rPois rC+ rN+ Dex+4} (You took it off a skeletal warrior on level 3 of the Crypt)
 54078 | Crypt:3  | Got a smoking bronze ring
 54081 | Crypt:3  | Identified the ring "Ymone" {-Tele rC+ rN+ Int+7} (You found it on level 3 of the Crypt)
 54242 | D:14     | Lost mutation: You possess an exceptional clarity of mind. [mutagenic meat]
 54304 | Depths:1 | Entered Level 1 of the Depths
 54304 | Depths:1 | Found Gazxoex's General Store.
 54356 | Depths:1 | Bought a potion of haste for 160 gold pieces
 54415 | Depths:1 | Reached skill level 10 in Air Magic
 54700 | Depths:1 | Lost mutation: You are clumsy. (Dex -2) [mutagenic meat]
 54715 | Depths:1 | Gained mutation: You are weak. (Str -2) [mutagenic meat]
 54760 | Depths:1 | Found a gateway to Hell.
 55336 | Depths:2 | Noticed a juggernaut
 55352 | Depths:2 | Killed a juggernaut
 55404 | Depths:2 | Found a burning altar of Makhleb.
 55404 | Depths:2 | Found a blossoming altar of Fedhas.
 55405 | Depths:2 | Found a glowing silver altar of Zin.
 55538 | Depths:2 | Gained mutation: You are agile. (Dex +2) [mutagenic meat]
 55904 | Depths:2 | Gained mutation: You occasionally shout uncontrollably at your foes. [mutagenic meat]
 56039 | Depths:2 | Reached skill level 15 in Armour
 56141 | Depths:2 | Lost mutation: You expend magic power (3 MP) to strengthen your wands. [mutagenic meat]
 56414 | Depths:2 | Gained mutation: Your melee attacks may debilitate your foes. [demonic ancestry]
 56414 | Depths:2 | Reached XP level 26. HP: 247/252 MP: 40/40
 56597 | Depths:3 | Noticed Aizul
 56610 | Depths:3 | Killed Aizul
 56785 | Depths:3 | Lost mutation: You are agile. (Dex +2) [mutagenic meat]
 56921 | Depths:3 | Identified the Compendium of the Snowflakes and Venom
 56936 | Depths:3 | Got a smelly chain mail
 57097 | Depths:3 | Reached XP level 27. HP: 260/260 MP: 40/40
 57246 | Depths:3 | Found a one-way gate leading to the halls of Pandemonium.
 57266 | Depths:3 | Lost mutation: You are weak. (Str -2) [mutagenic meat]
 57714 | Depths:3 | Identified the +3 chain mail "Kyteciod" {rCorr MP+9 Str+8 Dex-3} (You found it on level 3 of the Depths)
 57952 | Depths:4 | Noticed Jory
 57979 | Depths:4 | Killed Jory
 58107 | Depths:4 | Found a one-way gate to the infinite horrors of the Abyss.
 58109 | Depths:4 | Found Madousm's Jewellery Boutique.
 58154 | Depths:5 | Entered Level 5 of the Depths
 58226 | Depths:3 | Gained mutation: You have sharp fingernails. [mutagenic meat]
 58254 | Depths:4 | Noticed Margery
 58255 | Depths:4 | Noticed the Enchantress
 58269 | Depths:4 | Killed the Enchantress
 58286 | Depths:4 | Killed Margery
 58317 | Depths:4 | Found Latuj's Antique Armour Shoppe.
 58320 | Depths:4 | Bought an ichor-stained ice dragon armour for 2795 gold pieces
 58330 | Depths:4 | Identified the cursed +0 ice dragon armour of Zini {rElec rF- rC++ rN+ Str+4} (You bought it in a shop on level 4 of the Depths)
 58488 | Depths:4 | Reached skill level 15 in Spellcasting
 58519 | Depths:4 | Reached skill level 15 in Air Magic
 58549 | Depths:4 | Got a scintillating silver ring
 58562 | Depths:4 | Identified the ring of the Little Devil {rCorr +Inv MP+9 Int-4 Dex+4} (You found it on level 4 of the Depths)
 58747 | Depths:5 | Noticed Mennas
 58784 | Depths:5 | Killed Mennas
 58846 | Depths:5 | Gained mutation: You have supernaturally acute eyesight. (SInv) [mutagenic meat]
 59017 | Depths:5 | Lost mutation: You occasionally shout uncontrollably at your foes. [mutagenic meat]
 59023 | Depths:5 | Gained mutation: You are extremely robust. (+30% HP) [mutagenic meat]
 59233 | Depths:5 | Found a gateway to a ziggurat.
 59321 | Depths:5 | Identified Lehudib's Disquisition on Confrontation
 59344 | Depths:5 | Found a runed door.
 59344 | Depths:5 | Found a runed door.
 59415 | Depths:5 | Found a runed door.
 59419 | Depths:5 | Found a runed door.
 59562 | Depths:5 | Found a runed door.
 59569 | Depths:5 | Found a runed door.
 59714 | Depths:5 | Found a gate to the Realm of Zot.
 60138 | Pan      | Entered Pandemonium
 60263 | Pan      | Found an exit through the horrors of the Abyss.
 60464 | Pan      | Noticed Veaffual the pandemonium lord
 60484 | Pan      | Killed Veaffual the pandemonium lord
 60553 | Pan      | Noticed Xoghuf the pandemonium lord
 60566 | Pan      | Killed Xoghuf the pandemonium lord
 60630 | Pan      | Got a transparent zirconium amulet
 60631 | Pan      | Identified the amulet "Vungirr" {Reflect *Corrode Fragile rN+++ Dex+6 SH+3} (You found it in Pandemonium)
 60662 | Pan      | Noticed Ydiaxz Loxu the pandemonium lord
 60680 | Pan      | Killed Ydiaxz Loxu the pandemonium lord
 60903 | Pan      | Noticed Kada Vao the pandemonium lord
 60933 | Pan      | Killed Kada Vao the pandemonium lord
 61079 | Pan      | Noticed Qinucrad the pandemonium lord
 61171 | Pan      | Killed Qinucrad the pandemonium lord
 61309 | Pan      | Found a runed door.
 61475 | Pan      | Noticed Wurch the pandemonium lord
 61491 | Pan      | Killed Wurch the pandemonium lord
 61869 | Pan      | Noticed Juvig the pandemonium lord
 62129 | Pan      | Found an exit through the horrors of the Abyss.
 62232 | Pan      | Killed Juvig the pandemonium lord
 62310 | Pan      | Got a demonic rune of Zot
 62364 | Pan      | Identified the Catalogue of Dusty Enhancements (You found it in Pandemonium)
 62373 | Pan      | Learned a level 6 spell: Haste
 62634 | Pan      | Found an exit through the horrors of the Abyss.
 62790 | Pan      | Got a faintly glowing crystal plate armour
 62791 | Pan      | Identified the +3 crystal plate armour of Alia {rC+ MR+ Stlth-} (You acquired it in Pandemonium)
 63167 | Pan      | Noticed Eloqedgh the pandemonium lord
 63174 | Pan      | Killed Eloqedgh the pandemonium lord
 63267 | Pan      | Gained mutation: Potions and wands are less effective at restoring your health. [a cacodemon]
 63465 | Pan      | Noticed Erhoq the pandemonium lord
 63492 | Pan      | Killed Erhoq the pandemonium lord
 63616 | Pan      | Noticed Afuuk the pandemonium lord
 63624 | Pan      | Killed Afuuk the pandemonium lord
 63628 | Pan      | Reached skill level 10 in Charms
 63766 | Pan      | Noticed Ciff the pandemonium lord
 63776 | Pan      | Paralysed by a giant eyeball for 2 turns
 63787 | Pan      | Killed Ciff the pandemonium lord
 63849 | Pan      | Found an exit through the horrors of the Abyss.
 64072 | Pan      | Learned a level 6 spell: Statue Form
 64135 | Pan      | Noticed Rusacwij the pandemonium lord
 64158 | Pan      | Killed Rusacwij the pandemonium lord
 64263 | Pan      | Noticed Piazompe the pandemonium lord
 64299 | Pan      | Killed Piazompe the pandemonium lord
 64354 | Pan      | Found an exit through the horrors of the Abyss.
 64368 | Pan      | Upgraded the game from 0.19-a0-854-gc78d25d to 0.19-a0-860-g5c370dd
 64405 | Pan      | Found an exit through the horrors of the Abyss.
 64441 | Pan      | Noticed Jonum the pandemonium lord
 64477 | Pan      | Killed Jonum the pandemonium lord
 64647 | Pan      | Noticed Vynwethre the pandemonium lord
 64658 | Pan      | Killed Vynwethre the pandemonium lord
 64668 | Pan      | Found an exit through the horrors of the Abyss.
 64799 | Pan      | Noticed Poass the pandemonium lord
 64843 | Pan      | Killed Poass the pandemonium lord
 64941 | Pan      | Entered the realm of Mnoleg.
 65173 | Pan      | Noticed Mnoleg
 65211 | Pan      | HP: 14/283 [Mnoleg (19)]
 65212 | Pan      | Slain by a cacodemon

Vault maps used:
D:1:      matt_arrival_refuge
D:2:      first_bread, trog_hazing_becter
D:3:      gammafunk_temple_overflow_forgotten, ecumenical_altar_1, serial_glass,
          glass_columns_a, glass_columns_b, guppyfry_early_orc_mine,
          uniq_terence
D:4:      supply_closet_lemuel, uniq_duvessa
D:5:      serial_shops, shop_fountains, nicolae_shop_overgrown_old_shop
D:6:      lemuel_round_altar, uniq_grinder
D:7:      old_standard_altar
D:9:      tgw_xom
D:10:     serial_shops, kennysheep_mini_moat, enter_bailey_2, special_room,
          serial_ice, serial_ice_d, serial_ice_e, serial_ice_b, serial_ice_i,
          hangedman_stone_soup, uniq_maurice
D:11:     grunt_lair_entry_orc_guard_hut, serial_shops, nicolae_shop_stone,
          uniq_erolcha
D:12:     orc_david_3, serial_shops, shop, nicolae_shop_stone, shop,
          lemuel_tele_altar, uniq_harold
D:13:     serial_shops, nicolae_shop_stone
D:14:     grunt_vaults_entry_tiered, kennysheep_cross_room, uniq_josephine
D:15:     grunt_enter_depths_magical_seal
Temple:   lightli_temple_of_artemis
Lair:1:   wad_woods_river_03, serial_bayou_shore_a, infiniplex_staircase_pool,
          grunt_megastairs_3
Lair:2:   nicolae_swamp_entry_splash_gauntlet, nicolae_quartered_pool_medium
Lair:3:   minmay_snake_entry_guardpost_medium, grunt_megastairs_5
Lair:4:   kilobyte_rumbling_trees
Lair:6:   guppyfry_lair_end_dragon, minmay_slime_entry_pillars, basic_altar,
          uniq_maud
Swamp:1:  nicolae_swamp_feature_on_the_river_bank
Swamp:2:  basic_altar
Swamp:3:  hangedman_swamp_diagram, swamp_pool5
Swamp:4:  swamp_icy, swamp_pool1, nicolae_swamp_necromancer_hut
Snake:1:  special_room, st_stairs_14, serial_bayou_shore_b
Snake:2:  serial_shops, shop, spider_trap, grunt_megastairs_2
Snake:3:  lemuel_fruit_tree, grunt_megastairs_1
Snake:4:  snake_pit
Orc:1:    cheibrodos_orc_bank, bloody_makhleb, uniq_erica, uniq_snorg, uniq_urug
Orc:2:    grunt_orc_gardens, grunt_orc_garden, grunt_orc_garden,
          grunt_orc_garden, grunt_orc_garden, basic_altar
Elf:1:    minmay_elf_arrival_summoners, minmay_elf_annihilation, uniq_asterion
Elf:2:    stair_cage_cross, uniq_nikola
Elf:3:    minmay_elf_hall_four_x
Vaults:1: v_misc_14, hangedman_vaults_cutoff, serial_ice_m, vaults_room_fours,
          v_misc_18, v_misc_12, v_misc_31, ontoclasm_vaults_ring_square,
          nicolae_vaults_little_squares_2, nicolae_vaults_stairing_the_circle
Vaults:2: minmay_crypt_entry_necro_gods, v_alt_pattern_5,
          nicolae_vaults_three_branches, st_cross, grunt_vaults_focal,
          vaults_dpeg_encased_lava, v_rooms_1, ontoclasm_vaults_ligature,
          ontoclasm_vaults_decontamination, nicolae_vaults_border_crossing,
          ontoclasm_vaults_loading_screen, hangedman_vaults_variations, v_misc_2
Vaults:3: grunt_vaults_bifocal, v_misc_19, v_misc_19,
          nicolae_vaults_know_your_exits, nicolae_vaults_what_the_h,
          vaults_mumra_minichess_inversion, vaults_dpeg_ring,
          nicolae_vaults_network_periphery, vaults_dpeg_hooks, v_misc_5,
          nicolae_vaults_mini_display_case, grunt_vaults_diagonal,
          vaults_mumra_hexcomb, ontoclasm_vaults_fault
Vaults:4: vaults_dpeg_spiral, nicolae_vaults_disjoint_gnomons,
          nicolae_vaults_network_quinsquares,
          nicolae_vaults_windows_and_doors_thing, hangedman_vaults_unwind,
          v_alt_pattern_4, ontoclasm_vaults_misaligned, v_pattern_4,
          ontoclasm_vaults_spin, nicolae_vaults_shelves_hall
Crypt:1:  uniq_frederick
Crypt:2:  uniq_mara, uniq_donald, uniq_sojobo
Crypt:3:  due_elkab, tomb_entry_forgotten_bobbens
Depths:1: minmay_spriggan_fort, grunt_hell_entry_dis_mu, serial_shops,
          nicolae_shop_trees, serial_sigils_hangedman_writhe,
          lemuel_nasty_fountain
Depths:2: hangedman_slaughterboxes, hell_entry
Depths:3: grunt_crosshair, pan_entry, hell_entry, serial_bayou_pond_d,
          minmay_staircase_windowed_large, serial_bayou_shore_b, firewood_loft,
          uniq_aizul
Depths:4: kennysheep_bubble_arena, serial_shops, nicolae_shop_behind_doors,
          shop, abandoned_shop, abyss_entry, hangedman_coc_ice_floe,
          serial_bayou_pond_e, infiniplex_staircase_star, uniq_jory,
          uniq_margery, uniq_enchantress
Depths:5: evilmike_zot_entry_castle, enter_ziggurat_a, hell_entry,
          hangedman_abyss_or_decor_stabs, lemuel_freeze_loot_1, uniq_mennas
Pan:      evilmike_mini_pan_corner, evilmike_mini_pan_thingy,
          evilmike_mini_pan_diamond, grunt_pan_zigzag, nicolae_pan_glass_arcs,
          rand_demon_9, evilmike_mini_pan_pillars_b,
          evilmike_mini_pan_other_thingy, grunt_pan_in_and_out,
          pan_blood_fountain_small, nicolae_pan_sigil_itan,
          evilmike_mini_pan_possible_glass, evilmike_mini_pan_layers,
          reaverb_pan_figure_eight, evilmike_mini_pan_other_thingy,
          nicolae_pan_mnolegish_5, evilmike_mini_pan_diamond,
          evilmike_mini_pan_3x3, nicolae_pan_sigil_eeng,
          nicolae_pan_door_chamber, grunt_pan_pentagram,
          pan_blood_fountain_small, mnoleg_st, pan_blood_fountain_small,
          nicolae_pan_sigil_uleosi
Bailey:   bailey_axe_of_yendor_kennysheep, bailey

Skill      XL: |  1  2  3  4  5  6  7  8  9 10 11 12 13 14 15 16 17 18 19 20 21 22 23 24 25 26 27 |
---------------+----------------------------------------------------------------------------------+-----
Axes           | 2 3 4 5 7 8 10 12 14 16 18 19 21 22 23 24 25 26 | 26.0
Fighting       | 4 7 8 9 11 12 14 15 16 17 18 | 18.2
Dodging        | 2 4 6 7 8 9 10 11 12 | 12.7
Armour         | 4 6 9 10 11 12 13 14 15 16 17 | 17.0
Spellcasting   | 2 5 7 8 9 10 13 20 | 20.0
Air Magic      | 1 4 6 7 8 9 12 13 21 | 21.0
Charms         | 1 2 4 5 7 8 14 | 14.4
Invocations    | 7 |  7.3
Translocations | 1 3 5 7 8 |  8.4
Hexes          | 3 5 |  5.0
Shields        | |  2.6

Action                   |  1- 3 |  4- 6 |  7- 9 | 10-12 | 13-15 | 16-18 | 19-21 | 22-24 | 25-27 || total
-------------------------+-------+-------+-------+-------+-------+-------+-------+-------+-------++-------
Melee: War axe           |   130 |   242 |   303 |       |       |       |       |       |       ||   675
       Broad axe         |       |       |   335 |   811 |       |       |       |       |       ||  1146
       Battleaxe         |       |       |       |    26 |  1215 |  1486 |   494 |       |       ||  3221
       Bite              |       |       |       |       |    11 |   267 |   195 |   290 |   571 ||  1334
       Executioner's axe |       |       |       |       |       |       |   609 |  1674 |  2853 ||  5136
 Cast: Song of Slaying   |       |       |       |       |       |       |     6 |       |    31 ||    37
       Regeneration      |       |       |       |       |       |       |       |       |    71 ||    71
       Haste             |       |       |       |       |       |       |       |       |     4 ||     4
       Deflect Missiles  |       |       |       |       |       |       |       |       |     4 ||     4
       Silence           |       |       |       |       |       |       |       |       |     1 ||     1
Invok: Heroism           |       |       |       |    15 |     6 |    12 |    14 |     4 |       ||    51
       Finesse           |       |       |       |       |       |       |     8 |     2 |       ||    10
       Lesser Servant of |       |       |       |       |       |       |       |     1 |       ||     1
       Greater Servant o |       |       |       |       |       |       |       |       |     2 ||     2
Evoke: Wand              |       |       |     5 |    19 |     1 |     2 |     4 |       |       ||    31
  Use: Potion            |     1 |     1 |     4 |     1 |       |       |    10 |       |     6 ||    23
       Scroll            |       |     3 |     8 |    13 |     8 |     6 |    13 |    13 |    20 ||    84
 Stab: Distracted        |       |       |       |       |       |       |     1 |     1 |     2 ||     4
       Confused          |       |       |       |       |       |       |       |       |     2 ||     2
  Eat: Chunk             |     3 |     7 |    22 |    24 |    59 |    41 |    32 |    25 |    94 ||   307
       Fruit             |       |     1 |       |       |       |    10 |     8 |     2 |    12 ||    33
       Beef jerky        |       |       |       |     1 |       |     3 |     2 |     3 |     4 ||    13
       Pizza             |       |       |       |       |       |     1 |     5 |     2 |     1 ||     9
Armor: Scale mail        |    79 |    16 |       |       |       |       |       |       |       ||    95
       Chain mail        |       |    12 |       |       |       |       |       |       |       ||    12
       Plate armour      |       |   128 |   381 |   371 |   618 |       |       |       |       ||  1498
       Skin              |       |       |    20 |       |       |       |       |       |       ||    20
       Storm dragon armo |       |       |       |       |    20 |   604 |   530 |   727 |   302 ||  2183
       Quicksilver drago |       |       |       |       |       |       |       |       |   900 ||   900
Dodge: Dodged            |    45 |    84 |   142 |   203 |   546 |   866 |   632 |   894 |  2468 ||  5880
       Deflected         |       |       |       |       |       |       |       |       |    17 ||    17
Block: Shield            |    63 |   122 |   293 |   356 |       |       |       |       |       ||   834
       Other             |       |       |       |       |       |       |       |       |   124 ||   124
